 Dungeon Sprint DCSS version 0.23.2 (webtiles) character file.

Game seed: 5919107046180448866

3100000 Fang the Conqueror (level 24, -20/227 HPs)
             Began as a Demonspawn Gladiator on Apr 2, 2019.
             Was the Champion of Makhleb.
             Demolished by a destroyer
             ... wielding a +9 great sword of slicing
              (49 damage)
             ... in the Dungeon (Sprint VIII: "Arena of Blood").
             The game lasted 00:00:39 (31 turns).

Fang the Conqueror (Demonspawn Gladiator)             Turns: 31, Time: 00:00:39

Health: -20/227    AC:  8    Str: 23    XL:     24   Next: 22%
Magic:  21/54      EV: 34    Int: 10    God:    Makhleb [******]
Gold:   0          SH:  0    Dex: 18    Spells: 77/77 levels left

rFire    . . .     SeeInvis .   l - +∞ Axe of Woe
rCold    . . .     Gourm    .   (shield currently unavailable)
rNeg     + . .     Faith    .   b - +0 leather armour
rPois    .         Spirit   .   c - +0 helmet
rElec    .         Reflect  .   (no cloak)
rCorr    .         Harm     .   (no gloves)
MR       +....     NoTele   +   (boots unavailable)
Stlth    +++++++++.             (no amulet)
HPRegen  0.47/turn              (no ring)
MPRegen  0.34/turn              (no ring)

@: no status effects
A: hooves 3, demonic guardian 3, negative energy resistance 1, spiny 3, 50%
torment resistance, sturdy frame 3
a: Minor Destruction, Lesser Servant of Makhleb, Major Destruction, Greater
Servant of Makhleb, Renounce Religion


You were in the Dungeon.
You worshipped Makhleb.
Makhleb was exalted by your worship.
You were not hungry.

You visited 1 branch

Inventory:

Hand Weapons
 a - a +0 war axe
 l - the +∞ Axe of Woe (weapon)
   (You found it in the Dungeon)
Missiles
 d - 3 throwing nets (quivered)
Armour
 b - a +0 leather armour (worn)
 c - a +0 helmet (worn)
Scrolls
 k - a scroll of blinking
Potions
 e - a potion of curing
 g - a potion of heal wounds
 h - a potion of haste
 i - 2 potions of magic
 j - a potion of berserk rage
Comestibles
 f - a ration


   Skills:
 O Level 27 Fighting
 O Level 27 Axes
 O Level 27 Throwing
 O Level 27 Armour
 O Level 27 Dodging
 O Level 27 Stealth
 O Level 27 Unarmed Combat
 O Level 27 Spellcasting
 O Level 27 Invocations


You had 77 spell levels left.
You didn't know any spells.
Your spell library was empty.

Dungeon Overview and Level Annotations

Branches:
Dungeon (1/1)

Altars:
Makhleb


Innate Abilities, Weirdness & Mutations

You have hooves in place of feet.
A powerful demonic guardian rushes to your aid.
You resist negative energy. (rN+)
You are completely covered in sharp spines.
You are somewhat able to resist unholy torments (1 in 2 success).
Your movements are significantly less encumbered by armour. (ER -6)


Message History

The destroyer is engulfed in blazing flames.
The destroyer blinks!
You hear a shout! x6
Unknown command.
You slash the bag of meat!
You hew the bag of meat savagely.
You kill the bag of meat!
Makhleb accepts your kill.
You hear a shout! x4
A bag of meat comes into view. It is wielding a +9 war axe.
You hear a shout! x3
A bag of meat comes into view. It is wielding a +9 war axe.
The destroyer blinks!
The bag of meat shouts!
You hear two shouts!
Unknown command.
You hear a shout! x3
The destroyer is struck by your spines.
The destroyer hits you with a +9 great sword of slicing!!!!!
Ouch! That really hurt!
* * * LOW HITPOINT WARNING * * *
You die...

###.....##.##....
.................
....O....o#.#....
.................
#....o..§§§.o....
.#....§o§V§......
......§§○)§.o....
......☼)☼))Oo....
....§#.))@)..#...
.... #..§V...#
...###.).....###.
........###.oOO..
#........_....o..
......#.....#..oo
......#_.<._#..o.
......#.....# ...
#........_......


You could see 2 destroyers, 2 large bags of meat, 2 meat berserkers and 11 bags
of meat.

Vanquished Creatures
  A vampire knight (D)
  12 ogres (D)
  2 two-headed ogres (D)
  24 orcs (D)
39 creatures vanquished.

Notes
Turn   | Place    | Note
-------+----------+-------------------------------------------
     0 | D        | Found the +∞ Axe of Woe
     0 | D        | Fang the Demonspawn Gladiator began the quest for the Orb.
     0 | D        | Reached XP level 1. HP: 16/16 MP: 1/1
     4 | D        | Became a worshipper of Makhleb the Destroyer
     5 | D        | Noticed a meat berserker
     6 | D        | Noticed a bag of meat
     6 | D        | Noticed a bag of meat
     7 | D        | Noticed a bag of meat
     7 | D        | Noticed a bag of meat
     7 | D        | Noticed a bag of meat
     7 | D        | Noticed a meat berserker
     9 | D        | Noticed a bag of meat
    10 | D        | Killed a meat berserker
    10 | D        | Reached skill level 15 in Axes
    10 | D        | Reached skill level 15 in Throwing
    10 | D        | Reached skill level 15 in Dodging
    10 | D        | Gained mutation: Your movements are slightly less
                  | encumbered by armour. (ER -2) [demonic ancestry]
    10 | D        | Reached XP level 2. HP: 46/46 MP: 2/2
    10 | D        | Gained mutation: You have large cloven feet. [demonic
                  | ancestry]
    10 | D        | Reached XP level 3. HP: 52/52 MP: 3/3
    10 | D        | Gained mutation: You have hoof-like feet. [demonic
                  | ancestry]
    10 | D        | Reached XP level 4. HP: 59/59 MP: 4/4
    10 | D        | Gained mutation: Your movements are less encumbered by
                  | armour. (ER -4) [demonic ancestry]
    10 | D        | Reached XP level 5. HP: 66/66 MP: 5/5
    10 | D        | Reached XP level 6. HP: 73/73 MP: 6/6
    10 | D        | Gained mutation: A weak demonic guardian rushes to your
                  | aid. [demonic ancestry]
    10 | D        | Reached XP level 7. HP: 79/79 MP: 7/7
    10 | D        | Reached XP level 8. HP: 86/86 MP: 8/8
    10 | D        | Gained mutation: A demonic guardian rushes to your aid.
                  | [demonic ancestry]
    10 | D        | Reached XP level 9. HP: 92/92 MP: 9/9
    10 | D        | Gained mutation: Your movements are significantly less
                  | encumbered by armour. (ER -6) [demonic ancestry]
    10 | D        | Reached XP level 10. HP: 100/100 MP: 10/10
    10 | D        | Gained mutation: You have hooves in place of feet. [demonic
                  | ancestry]
    10 | D        | Reached XP level 11. HP: 106/106 MP: 11/11
    10 | D        | Gained mutation: You are partially covered in sharp spines.
                  | [demonic ancestry]
    10 | D        | Reached XP level 12. HP: 113/113 MP: 12/12
    10 | D        | Reached XP level 13. HP: 119/119 MP: 13/13
    10 | D        | Killed a bag of meat
    10 | D        | Reached * piety under Makhleb
    10 | D        | Noticed a bag of meat
    10 | D        | Noticed a bag of meat
    10 | D        | Noticed a bag of meat
    10 | D        | Noticed a meat berserker
    10 | D        | Noticed a bag of meat
    10 | D        | Noticed a bag of meat
    11 | D        | Killed a meat berserker
    11 | D        | Reached XP level 14. HP: 136/136 MP: 14/14
    11 | D        | Noticed a bag of meat
    11 | D        | Noticed a meat berserker
    12 | D        | Killed a bag of meat
    12 | D        | Reached XP level 15. HP: 144/144 MP: 15/15
    13 | D        | Noticed a meat berserker
    13 | D        | Noticed a meat berserker
    14 | D        | Noticed a large bag of meat
    15 | D        | Killed a meat berserker
    15 | D        | Reached ** piety under Makhleb
    15 | D        | Gained mutation: You resist negative energy. (rN+) [demonic
                  | ancestry]
    15 | D        | Reached XP level 16. HP: 157/157 MP: 16/16
    15 | D        | Reached *** piety under Makhleb
    15 | D        | Reached XP level 17. HP: 169/169 MP: 17/17
    16 | D        | Killed a meat berserker
    16 | D        | Reached skill level 27 in Fighting
    16 | D        | Reached **** piety under Makhleb
    16 | D        | Reached XP level 18. HP: 182/182 MP: 18/18
    18 | D        | Killed a meat berserker
    18 | D        | Reached skill level 27 in Axes
    18 | D        | Reached skill level 27 in Throwing
    18 | D        | Reached skill level 27 in Dodging
    18 | D        | Noticed a meat berserker
    19 | D        | Reached skill level 15 in Unarmed Combat
    19 | D        | Gained mutation: You are mostly covered in sharp spines.
                  | [demonic ancestry]
    19 | D        | Reached XP level 19. HP: 189/189 MP: 18/31
    19 | D        | Reached ***** piety under Makhleb
    19 | D        | Reached skill level 10 in Armour
    19 | D        | Reached skill level 10 in Spellcasting
    19 | D        | Noticed a meat berserker
    21 | D        | Reached skill level 15 in Stealth
    21 | D        | Reached skill level 15 in Armour
    21 | D        | Reached skill level 15 in Spellcasting
    21 | D        | Killed a meat berserker
    21 | D        | Gained mutation: You are completely covered in sharp
                  | spines. [demonic ancestry]
    21 | D        | Reached XP level 20. HP: 197/197 MP: 18/41
    21 | D        | Noticed a meat berserker
    21 | D        | Noticed a large bag of meat
    22 | D        | Killed a large bag of meat
    22 | D        | Reached ****** piety under Makhleb
    22 | D        | Killed a large bag of meat
    22 | D        | Gained mutation: A powerful demonic guardian rushes to your
                  | aid. [demonic ancestry]
    22 | D        | Reached XP level 21. HP: 193/204 MP: 18/45
    23 | D        | Reached skill level 27 in Invocations
    23 | D        | Gained mutation: You are somewhat able to resist unholy
                  | torments (1 in 2 success). [demonic ancestry]
    23 | D        | Reached XP level 22. HP: 212/212 MP: 18/50
    24 | D        | Reached skill level 27 in Stealth
    24 | D        | Reached skill level 27 in Unarmed Combat
    25 | D        | Noticed a large bag of meat
    25 | D        | Noticed a destroyer
    25 | D        | Noticed a destroyer
    26 | D        | Noticed a large bag of meat
    27 | D        | Reached skill level 27 in Armour
    27 | D        | Reached skill level 27 in Spellcasting
    27 | D        | Reached XP level 23. HP: 219/219 MP: 19/54
    28 | D        | Noticed a destroyer
    28 | D        | Killed a destroyer
    29 | D        | Reached XP level 24. HP: 227/227 MP: 20/54
    31 | D        | Demolished by a destroyer

Skill      XL: |  1  2  3  4  5  6  7  8  9 10 11 12 13 14 15 16 17 18 19 20 21 22 |
---------------+-------------------------------------------------------------------+-----
Fighting       | 16 20 21 23 25 27 | 27.0
Axes           | 15 19 22 23 26 27 | 27.0
Throwing       | 15 19 22 23 26 27 | 27.0
Dodging        | 15 19 22 23 26 27 | 27.0
Unarmed Combat | 15 20 23 26 27 | 27.0
Armour         | 8 17 20 24 27 | 27.0
Stealth        | 9 18 21 25 27 | 27.0
Spellcasting   | 8 17 20 24 27 | 27.0
Invocations    | 12 22 26 27 | 27.0

Action                   |  1- 3 |  4- 6 |  7- 9 | 10-12 | 13-15 | 16-18 | 19-21 | 22-24 || total
-------------------------+-------+-------+-------+-------+-------+-------+-------+-------++-------
Melee: Executioner's axe |     1 |       |       |       |     3 |     3 |     4 |     6 ||    17
Dodge: Dodged            |       |       |       |       |     1 |       |       |     1 ||     2
